 Dungeon Crawl Stone Soup version 0.28-a0-851-g8b9cc49659 (webtiles) character file.

Game seed: 12749215056673808617

3236 Crownlay the Thaumaturge (level 9, 0/62 HPs)
             Began as a Black Draconian Conjurer on Nov 14, 2021.
             Was a Follower of Sif Muna.
             Engulfed by a cloud of steam (1 damage)
             ... on level 7 of the Dungeon.
             The game lasted 00:10:49 (10258 turns).

Crownlay the Thaumaturge (DrCj)                    Turns: 10258, Time: 00:10:49

Health: 0/62       AC:  7    Str: 10    XL:     9   Next: 66%
Magic:  11/22      EV: 12    Int: 21    God:    Sif Muna [*.....]
Gold:   474        SH:  0    Dex: 10    Spells: 24/27 levels left

rFire   . . .      SeeInvis .   y - +4 long sword
rCold   . . .      Faith    .   (no shield)
rNeg    . . .      Spirit   .   (armour unavailable)
rPois   .          Reflect  .   (helmet restricted)
rElec   +          Harm     .   (no cloak)
rCorr   .          Rampage  .   (no gloves)
Will    +....                   (no boots)
Stlth   ++........              (no amulet)
HPRegen 0.20/turn               i - ring of willpower
MPRegen 0.18/turn               (no ring)

@: no status effects
A: breathe lightning, AC +7, unfitting armour, electricity resistance,
cold-blooded
a: Breathe Lightning, Renounce Religion, Channel Magic


You were on level 7 of the Dungeon.
You worshipped Sif Muna.
Sif Muna was aware of your devotion.
You visited 2 branches of the dungeon, and saw 8 of its levels.
You also visited: Ossuary.

You collected 474 gold pieces.

Inventory:

Hand Weapons
 y - a +4 long sword (weapon)
Jewellery
 i - a ring of willpower (left hand)
Wands
 d - a wand of polymorph (8)
 A - a wand of digging (5)
Scrolls
 c - a scroll of fog
 f - 3 scrolls of enchant weapon
 k - a scroll of brand weapon {unknown}
 l - a scroll of holy word {unknown}
 n - a scroll of noise {unknown}
 q - 2 scrolls of magic mapping
 r - 3 scrolls of immolation {unknown}
 t - 2 scrolls of fear {unknown}
 u - 2 scrolls of teleportation
 w - 3 scrolls of amnesia
 x - 2 scrolls of vulnerability
Potions
 b - a potion of resistance {unknown}
 e - a potion of curing {unknown}
 g - 2 potions of mutation
 h - a potion of might {unknown}
 j - 4 potions of flight {unknown}
 m - a potion of brilliance {unknown}
 o - 3 potions of berserk rage {unknown}
 p - a potion of ambrosia {unknown}
 s - a potion of invisibility {unknown}
 v - a potion of magic {unknown}
 z - a potion of degeneration {unknown}


   Skills:
 - Level 1.7 Dodging
 - Level 1.7 Stealth
 * Level 9.8 Spellcasting
 + Level 8.4 Conjurations
 + Level 5.8 Air Magic


You had 24 spell levels left.
You knew the following spells:

 Your Spells              Type           Power      Damage    Failure   Level
a - Magic Dart            Conj           100%       1d8       1%          1
b - Searing Ray           Conj           90%        2d7       1%          2

Your spell library contained the following spells:

 Spells                   Type           Power      Damage    Failure   Level
 Dazzling Flash           Conj/Hex       54%        N/A       3%          3
 Fulminant Prism          Conj/Hex       13%        3d9       12%         4
 Iskenderun's Mystic Bla  Conj/Tloc      27%        2d7       12%         4
 Frozen Ramparts          Ice            20%        1d4       21%         3
 Tukima's Dance           Hex            10%        N/A       21%         3
 Ice Form                 Ice/Tmut       10%        N/A       54%         4
 Passage of Golubria      Tloc           10%        N/A       54%         4
 Summon Ice Beast         Ice/Summ       10%        N/A       54%         4
 Blade Hands              Tmut           5%         N/A       88%         5
 Yara's Violent Unravell  Hex/Tmut       5%         3d4       88%         5
 Iron Shot                Conj/Erth      13%        9d3       88%         6
 Animate Armour           Summ/Erth      Unusable   N/A       N/A         4

Dungeon Overview and Level Annotations

Branches:
Dungeon (7/15)             Temple (1/1) D:4         Ossuary (visited)

Altars:
Sif Muna
The Shining One

Shops:
D:1 *   D:7 :


Innate Abilities, Weirdness & Mutations

You can breathe wild blasts of lightning.
Your glossy black scales are hard. (AC +7)
You cannot fit into any form of body armour.
You are resistant to electric shocks. (rElec)
You are cold-blooded and may be slowed by cold attacks.


Message History

The searing ray hits the steam dragon but does no damage.
The steam dragon is lightly wounded. (Press . to maintain the ray.)
The steam dragon breathes steam at you. The ball of steam hits you!
The searing ray misses the steam dragon.
You are engulfed in a cloud of scalding steam.
The searing ray hits the steam dragon!
The steam dragon is moderately wounded.
You are engulfed in a cloud of scalding steam.
The steam dragon bites you. The steam dragon claws you.
The searing ray misses the steam dragon.
You finish channelling your searing ray.
You are engulfed in a cloud of scalding steam.
The steam dragon bites you but does no damage.
The steam dragon claws you but does no damage.
The steam dragon bites you! The steam dragon closely misses you.
Casting: Searing Ray (safe; 1% risk of failure)
Confirm with . or Enter, or press ? or * to list all spells.
Aiming: Searing Ray (safe; 1% risk of failure)
Press: ? - help, Shift-Dir - straight line, f/p - steam dragon
Aim: a steam dragon (moderately wounded, 82% to hit)
The searing ray hits the steam dragon!
The steam dragon is heavily wounded. (Press . to maintain the ray.)
The steam dragon bites you!
The steam dragon claws you but does no damage.
The searing ray hits the steam dragon!
The steam dragon is almost dead.
The steam dragon breathes steam at you. The ball of steam hits you!!
* * * LOW HITPOINT WARNING * * *
The searing ray hits the steam dragon!
You kill the steam dragon!
Sif Muna accepts your kill.
You are engulfed in a cloud of scalding steam.
* * * LOW HITPOINT WARNING * * *
You finish channelling your searing ray.
You are engulfed in a cloud of scalding steam.
You die...

## # ############... .
#....#.....+... # ##.
####....#.##.##...
#.#..##.......#.##.##...
#>......................
.......§§...............
......§@§§....#.#.......
.....§#######.#.#.......
..... #...#....≈≈) ....
#####...≈≈≈. #..
#...≈≈⌠. #. ####...∩ #
#≈≈⌠. #≈≈≈. #.≈≈.


There were no monsters in sight!

Vanquished Creatures
  A troll (D:6)
  2 wyverns
  A steam dragon (D:7)
  Menkaure (Ossuary)
  A water moccasin (D:5)
  A necrophage (D:4)
  2 ice beasts
  2 centaurs (D:6)
  2 kobold brigands
  2 elf zombies (Ossuary)
  A bullfrog (D:7)
  2 scorpions
  A water moccasin skeleton (D:5)
  A wyvern skeleton (D:7)
  4 wights (D:7)
  2 jellies
  7 centaur zombies
  A gnoll shaman (D:5)
  2 orc priests
  A bullfrog skeleton (D:6)
  5 hounds
  4 iguanas
  A scorpion zombie (D:5)
  6 orc wizards
  2 hound skeletons
  6 mummies (Ossuary)
  8 adders
  8 gnolls
  A shadow imp (D:5)
  A white imp (D:5)
  An ufetubus (D:7)
  5 adder zombies (Ossuary)
  2 worms
  3 dart slugs
  15 orcs
  8 bats
  4 endoplasms
  3 giant cockroaches
  6 goblins
  6 hobgoblins
  6 ball pythons
  5 frilled lizards
  4 goblin zombies
  5 hobgoblin zombies
  7 kobolds
  6 kobold zombies (Ossuary)
  3 quokka zombies (Ossuary)
  6 rats
  2 rat zombies (Ossuary)
176 creatures vanquished.

Notes
Turn   | Place    | Note
-------+----------+-------------------------------------------
     0 | D:1      | Crownlay the Draconian Conjurer began the quest for the
                  | Orb.
     0 | D:1      | Reached XP level 1. HP: 14/14 MP: 3/3
   467 | D:1      | Reached XP level 2. HP: 20/20 MP: 1/5
   545 | D:1      | Learned a level 2 spell: Searing Ray
   804 | D:1      | Found Xagg's Assorted Antiques.
  1686 | D:2      | Reached skill level 3 in Spellcasting
  1741 | D:2      | Reached XP level 3. HP: 26/26 MP: 3/7
  2414 | D:2      | Reached XP level 4. HP: 33/33 MP: 3/9
  2874 | D:3      | Found a glowing golden altar of the Shining One.
  3165 | D:3      | Reached skill level 4 in Spellcasting
  3556 | D:3      | Reached XP level 5. HP: 38/38 MP: 2/11
  3824 | D:4      | Found a staircase to the Ecumenical Temple.
  3854 | D:4      | Noticed a necrophage
  3862 | D:4      | Killed a necrophage
  3863 | D:4      | Reached skill level 5 in Conjurations
  3925 | D:4      | Reached skill level 5 in Spellcasting
  3925 | D:4      | Reached XP level 6. HP: 45/45 MP: 1/13
  3989 | D:4      | Found a sand-covered staircase.
  3998 | Ossuary  | Entered an ossuary
  5009 | Ossuary  | Your scales start taking on a glossy black colour.
  5009 | Ossuary  | Reached XP level 7. HP: 25/50 MP: 1/15
  5009 | Ossuary  | Gained mutation: You are resistant to electric shocks.
                  | (rElec) [Black Draconian growth]
  5186 | Ossuary  | Reached skill level 6 in Spellcasting
  5189 | Ossuary  | Noticed Menkaure
  5196 | Ossuary  | Killed Menkaure
  5958 | D:4      | Reached skill level 7 in Spellcasting
  6705 | Temple   | Entered the Ecumenical Temple
  6717 | Temple   | Became a worshipper of Sif Muna the Loreminder
  6746 | D:5      | Entered Level 5 of the Dungeon
  6790 | D:5      | Reached XP level 8. HP: 57/57 MP: 11/18
  6969 | D:5      | Reached skill level 1 in Air Magic
  7854 | D:5      | Reached skill level 8 in Spellcasting
  8630 | D:6      | Noticed a troll
  8640 | D:6      | Killed a troll
  8645 | D:6      | Reached XP level 9. HP: 13/62 MP: 8/21
  8647 | D:6      | Reached * piety under Sif Muna
  9302 | D:6      | Reached skill level 9 in Spellcasting
  9590 | D:7      | Reached skill level 5 in Air Magic
 10101 | D:7      | Found Sorikh's Self-Improvement Boutique.
 10256 | D:7      | HP: 2/62 [steam dragon/ball of steam (18)]
 10258 | D:7      | Engulfed by a cloud of steam

Illustrated notes

Levels and vault maps discovered:
D:1:      ncdulo_lavacross, layout_basic, serial_shops, shop_statue,
          hangedman_decor_push, chequers_big_river,
          minmay_misc_feat_secret_circle
D:2:      layout_basic
D:3:      layout_basic, general_overflow_altar
D:4:      layout_cave_pools, minmay_temple_entry_statues_fountains,
          enter_ossuary_3, grunt_ministairs_1
D:5:      layout_cave_pods, cheibrodos_gnoll_hut
D:6:      layout_basic
D:7:      layout_basic, nicolae_shop_self_help
Temple:   mainiacjoe_temple_archimedes_tessellation

Skill      XL: |  1  2  3  4  5  6  7  8  9 |
---------------+----------------------------+-----
Spellcasting   | 3 4 5 7 8 9 |  9.8
Conjurations   | 5 6 7 8 |  8.4
Air Magic      | 4 5 |  5.8
Dodging        | |  1.7
Stealth        | |  1.7

Action                   |  1- 3 |  4- 6 |  7- 9 || total
-------------------------+-------+-------+-------++-------
Melee: Unarmed           |    23 |       |       ||    23
       Tailslap          |     3 |     6 |     3 ||    12
       Hand axe          |    22 |    41 |    23 ||    86
 Cast: Magic Dart        |    75 |    65 |   105 ||   245
       Searing Ray       |     1 |    22 |    66 ||    89
 Abil: Breathe Lightning |       |       |     3 ||     3
  Use: Scroll            |       |     2 |     5 ||     7
 Stab: Sleeping          |       |       |     1 ||     1
Armor: Skin              |    16 |    40 |    74 ||   130
Dodge: Dodged            |    35 |    58 |   109 ||   202

Table legend: (Time is in decaauts)
 A = Elapsed time spent in this place.
 B = Non-inter-level travel time spent in this place.
 C = Inter-level travel time spent in this place.
 D = Time resting spent in this place.
 E = Time spent auto-exploring this place.
 F = Levels seen in this place.
 G = Mean time per level.
                   A        B        C        D        E       F      G
               +--------+--------+--------+--------+--------+-----+--------+
         Total |  10294 |  10066 |    228 |      0 |   8780 |   9 | 1143.8 |
       Dungeon |   8312 |   8096 |    216 |      0 |   7106 |   7 | 1187.4 |
        Temple |     24 |     12 |     12 |      0 |      6 |   1 |   24.0 |
       Ossuary |   1956 |   1956 |      0 |      0 |   1668 |   1 | 1956.0 |
               +--------+--------+--------+--------+--------+-----+--------+

Top non-repeatable levels by time:
 Ossuary: 1956 daAuts
     D:5: 1661 daAuts
     D:1: 1592 daAuts
     D:6: 1276 daAuts
     D:2: 1162 daAuts
     D:3: 1074 daAuts
     D:4: 971 daAuts
     D:7: 573 daAuts
  Temple: 24 daAuts
